 Dungeon Crawl Stone Soup version 0.30.0-29-ga12c61a403 (webtiles) character file.

Game seed: 2171325449955008677

135 Revguard the Chopper (level 5, -3/46 HPs)
             Began as a Hill Orc Monk on June 8, 2023.
             Slain by Robin
             ... wielding a +3 trident of freezing
              (4 damage)
             ... on level 2 of the Dungeon.
             The game lasted 00:03:28 (1127 turns).

Revguard the Chopper (Hill Orc Monk)                Turns: 1127, Time: 00:03:29

Health: -3/46      AC:  9    Str: 16    XL:     5   Next: 18%
Magic:  6/6        EV:  8    Int: 10    God:
Gold:   55         SH:  0    Dex: 13    Spells: 4/4 levels left

rFire   . . .        a - +0 hand axe (elec)
rCold   . . .        d - orb {light}
rNeg    . . .        j - +1 chain mail
rPois   .            (no helmet)
rElec   .            (no cloak)
rCorr   .            (no gloves)
SInv    .            (no boots)
Will    .....        (no amulet) Stlth
                     (no ring)
HPRegen 0.27/turn    (no ring)
MPRegen 0.10/turn

%: no passive effects
@: lethally poisoned (-3 -> -5), glowing
A: no striking features
a: no special abilities


You were on level 2 of the Dungeon.
You visited 1 branch of the dungeon, and saw 2 of its levels.

You collected 55 gold pieces.

Inventory:

Hand Weapons
 a - a +0 hand axe of electrocution (weapon)
Armour
 b - a +0 robe
 d - an orb of light (worn)
 j - a +1 chain mail (worn)
Scrolls
 g - a scroll of immolation
 h - a scroll of enchant armour
 i - a scroll of identify {unknown}
Potions
 c - a potion of ambrosia
 e - a potion of heal wounds {unknown}
 f - 2 potions of curing {unknown}
 k - a potion of lignification {unknown}


   Skills:
 + Level 4.2 Fighting
 + Level 4.6 Axes
 + Level 1.6 Armour
 + Level 2.8 Dodging
 + Level 1.5 Shields
 + Level 2.0 Invocations
 + Level 1.5 Evocations


You had 4 spell levels left.
You didn't know any spells.
Your spell library contained the following spells:

 Spells                   Type           Power      Damage    Failure   Level
 Poisonous Vapours        Pois/Air       0%         N/A       100%        2
 Sublimation of Blood     Necr           0%         N/A       100%        2
 Wereblood                Tmut           0%         N/A       100%        2
 Gell's Gravitas          Tloc           0%         N/A       100%        3
 Mephitic Cloud           Conj/Pois/Air  0%         N/A       100%        3
 Teleport Other           Tloc           0%         N/A       100%        3
 Freezing Cloud           Conj/Ice/Air   0%         6-21      100%        5
 Dispersal                Tloc           0%         N/A       100%        6
 Summon Hydra             Summ           0%         N/A       100%        7


Dungeon Overview and Level Annotations

Branches:
Dungeon (2/15)

Altars:

Annotations:
D:2 Robin


Message History

You are more poisoned.
You barely miss the hobgoblin.
The hobgoblin is severely wounded.
You hit the goblin. Lightning courses through the goblin!
You kill the goblin!
You hit the hobgoblin but do no damage.
You feel very sick. Robin hits you but does no damage.
The hobgoblin closely misses you.
The hobgoblin hits you but does no damage.
You hit the hobgoblin but do no damage.
The hobgoblin is severely wounded.
You hit the hobgoblin.
Lightning courses through the hobgoblin!
You kill the hobgoblin!
You feel very sick.
Robin roars a battlecry!
The hobgoblin goes into a battle-frenzy!
The hobgoblin closely misses you.
You hit the hobgoblin.
You kill the hobgoblin!
You feel sick. Robin closely misses you.
You feel sick.
Robin hits you with a +3 trident of freezing.
* * * LOW HITPOINT WARNING * * *
Robin freezes you.
* * * LOW HITPOINT WARNING * * *
Items here: )) ††.
You hit Robin.
Robin is heavily wounded.
You feel sick. Robin barely misses you. Robin hits you but does no damage.
You hit Robin.
Robin is heavily wounded.
You feel sick. Robin hits you but does no damage.
You hit Robin.
Robin is severely wounded.
You feel sick.
Robin hits you with a +3 trident of freezing!
* * * LOW HITPOINT WARNING * * *
Robin freezes you.
You die...

......................##...>.....
.............................#..#
.........#####...................
......########....##........#..##
.......# ....#############...(...
.......# .............# #..#....
.......# .............####..#....
.......# .....................†..
.......# ......g@)...............
.......# .......).)..............
.......# ###....).)..............
.......# #............)........
.......# ##########..........##
.......# ############ ########
### #<# ####


You could see Robin.

Vanquished Creatures
  Natasha (thrice) (D:2)
  2 worms (D:2)
  2 dart slugs (D:1)
  2 bats (D:1)
  3 endoplasms (D:1)
  2 giant cockroaches (D:1)
  12 goblins
  7 hobgoblins
  5 ball pythons
  3 frilled lizards
  5 kobolds
  5 rats
51 creatures vanquished.

Notes
Turn   | Place    | Note
-------+----------+-------------------------------------------
     0 | D:1      | Revguard the Hill Orc Monk began the quest for the Orb.
     0 | D:1      | Reached XP level 1. HP: 19/19 MP: 1/1
   107 | D:1      | Reached XP level 2. HP: 19/27 MP: 2/2
   233 | D:1      | Reached skill level 1 in Invocations
   423 | D:1      | Reached XP level 3. HP: 32/33 MP: 3/3
   657 | D:2      | Noticed Natasha
   665 | D:2      | Killed Natasha
   666 | D:2      | Reached skill level 1 in Armour
   666 | D:2      | Reached skill level 1 in Shields
   666 | D:2      | Reached skill level 1 in Evocations
   707 | D:2      | Noticed Natasha
   711 | D:2      | Killed Natasha
   712 | D:2      | Reached XP level 4. HP: 28/40 MP: 5/5
   853 | D:2      | Noticed Natasha
   860 | D:2      | Killed Natasha
   981 | D:2      | Reached XP level 5. HP: 46/46 MP: 6/6
  1113 | D:2      | Noticed Robin
  1127 | D:2      | HP: 1/46 [Robin/+3 trident of freezing (8)]
  1127 | D:2      | Slain by Robin

Illustrated notes

Levels and vault maps discovered:
D:1:      spicycebolla_arrival_risky_transporter, layout_basic
D:2:      layout_basic, uniq_robin, uniq_natasha

Skill      XL: |  1  2  3  4  5 |
---------------+----------------+-----
Invocations    | 1 2 |  2.0
Fighting       | 4 |  4.2
Armour         | 1 |  1.6
Shields        | 1 |  1.5
Evocations     | 1 |  1.5
Axes           | |  4.6
Dodging        | |  2.8

Action                     |  1- 3 |  4- 6 || total
---------------------------+-------+-------++-------
  Melee: Hand axe          |    71 |    39 ||   110
    Use: Scroll            |     6 |       ||     6
 Armour: Robe              |    18 |       ||    18
         Chain mail        |     5 |    28 ||    33
  Dodge: Dodged            |    41 |    18 ||    59
